 Dungeon Crawl Stone Soup version 0.29-a0-275-g389c0b56f3 (webtiles) character file.

Game seed: 1986093590661206482

4 bande the Skirmisher (level 1, 0/14 HPs)
             Began as a Gargoyle Fighter on Mar 11, 2022.
             Slain by an endoplasm (3 damage)
             ... on level 1 of the Dungeon.
             The game lasted 00:00:21 (113 turns).

bande the Skirmisher (Gargoyle Fighter)              Turns: 113, Time: 00:00:22

Health: 0/14       AC:  9    Str: 19    XL:     1   Next: 60%
Magic:  1/1        EV:  9    Int:  8    God:
Gold:   19         SH:  4    Dex:  9    Spells: 0/0 levels left

rFire   . . .      SeeInvis .   a - +0 war axe
rCold   . . .      Faith    .   c - +0 buckler
rNeg    + . .      Spirit   .   b - +0 scale mail
rPois   ∞          Reflect  .   (no helmet)
rElec   +          Harm     .   (no cloak)
rCorr   .          Rampage  .   (no gloves)
Will    .....                   (no boots)
Stlth   ..........              (no amulet)
HPRegen 0.04/turn               (no ring)
MPRegen 0.07/turn               (no ring)

@: no status effects
A: sickness immunity, AC +2, negative energy resistance 1, electricity
resistance, torment resistance 1, petrification resistance
a: no special abilities


You were on level 1 of the Dungeon.
You visited 1 branch of the dungeon, and saw 1 of its levels.

You collected 19 gold pieces.

Inventory:

Hand Weapons
 a - a +0 war axe (weapon)
Armour
 b - a +0 scale mail (worn)
 c - a +0 buckler (worn)
Potions
 d - a potion of might


   Skills:
 + Level 3.4 Fighting
 + Level 1.8 Axes
 + Level 3.3 Armour
 + Level 3.3 Shields


You couldn't memorise any spells.
You didn't know any spells.
Your spell library was empty.

Dungeon Overview and Level Annotations

Branches:
Dungeon (1/15)

Altars:

Shops:
D:1 [


Innate Abilities, Weirdness & Mutations

You are immune to sickness and miasma.
Your stone body is resilient. (AC +2)
You are immune to poison.
You resist negative energy. (rN+)
You are resistant to electric shocks. (rElec)
You are resistant to unholy torment.
You are immune to petrification.


Message History

You open the door.
There is an open door here.
There is an entrance to Faost's Armour Emporium here.
You open the door.
There is an open door here.
Found a leather armour.
Found a dagger.
Found a mace.
Found a stone staircase leading down.
You see here a +0 mace.
Found 14 stones.
You now have 19 gold pieces (gained 10).
A ball python comes into view.
The ball python hisses angrily.
An endoplasm comes into view.
The endoplasm quivers.
An endoplasm comes into view.
An endoplasm comes into view.
Found 7 gold pieces.
The endoplasm quivers. x2
You closely miss the ball python. You block the ball python's attack.
The ball python grabs you. The ball python constricts you.
You slash the ball python!
You kill the ball python!
You barely miss the endoplasm. x2; The endoplasm hits you.
The endoplasm hits you but does no damage.
You barely miss the endoplasm. You completely miss the endoplasm.
The endoplasm freezes you.
You are frozen.
The endoplasm freezes you.
You are frozen.
The endoplasm hits you but does no damage. x2
The endoplasm freezes you.
You are frozen.
* * * LOW HITPOINT WARNING * * *
You hit the endoplasm but do no damage. You hit the endoplasm.
You slash the endoplasm!
You kill the endoplasm!
The endoplasm hits you.
You die...

#...# #.##...#
#...######.##..##
#..........##..#
####.....#####..#
...#.........#..##
...#.............##
...#########..)...###
.### ##.......# .#
.....##@##(# '###
#.##.#JJ.#.# .#≈# #.
#.......# .### .
.......#.# ∩..+
........##.# .###
#...##... . .# ....
#... # +#. ##$ ....
....


You could see 2 endoplasms.

Vanquished Creatures
  2 ball pythons (D:1)
  An endoplasm (D:1)
  A hobgoblin (D:1)
4 creatures vanquished.

Notes
Turn   | Place    | Note
-------+----------+-------------------------------------------
     0 | D:1      | bande the Gargoyle Fighter began the quest for the Orb.
     0 | D:1      | Reached XP level 1. HP: 14/14 MP: 1/1
    21 | D:1      | Found Faost's Armour Emporium.
   113 | D:1      | Slain by an endoplasm

Illustrated notes

Levels and vault maps discovered:
D:1:      dpeg_arrival_simpleton_a, layout_basic, serial_shops,
          nicolae_shop_hallway_plus, hangedman_decor_clover_reticule

Action                   || total
-------------------------++-------
Melee: War axe           ||    10
Armor: Scale mail        ||     7
Dodge: Dodged            ||     1
Block: Buckler           ||     2

Table legend: (Time is in decaauts)
 A = Elapsed time spent in this place.
 B = Non-inter-level travel time spent in this place.
 C = Inter-level travel time spent in this place.
 D = Time resting spent in this place.
 E = Time spent auto-exploring this place.
 F = Levels seen in this place.
 G = Mean time per level.
                   A        B        C        D        E       F      G
               +--------+--------+--------+--------+--------+-----+--------+
         Total |    117 |    117 |      0 |      0 |     89 |   1 |  117.0 |
       Dungeon |    117 |    117 |      0 |      0 |     89 |   1 |  117.0 |
               +--------+--------+--------+--------+--------+-----+--------+

Top non-repeatable levels by time:
     D:1: 117 daAuts
